 Dungeon Crawl Stone Soup version 0.21.1-1-g345015fe64 (webtiles) character file.

13770 Gargoyl the Cleaver (level 11, -12/91 HPs)
             Began as a Centaur Abyssal Knight on June 12, 2018.
             Was a High Priest of Lugonu.
             Mangled by a red ugly thing (16 damage)
             ... on level 11 of the Dungeon.
             The game lasted 00:22:14 (13943 turns).

Gargoyl the Cleaver (Centaur Abyssal Knight)       Turns: 13943, Time: 00:22:14

Health: -12/91     AC: 20    Str: 17      XL:     11   Next: 79%
Magic:  17/17      EV:  6    Int: 10 (11) God:    Lugonu [*****.]
Gold:   160        SH:  5    Dex: 10      Spells: 10/10 levels left

rFire    . . .     SeeInvis +   a - +7 hand axe
rCold    . . .     Gourm    .   i - +1 buckler
rNeg     . . .     Faith    .   l - +1 chain mail {rPois}
rPois    +         Spirit   .   C - +2 hat {SInv}
rElec    .         Reflect  .   e - +0 cloak
rCorr    .         Harm     .   x - +1 pair of gloves {archery}
MR       .....     Clarity  +   (no barding)
Stlth    ..........             (no amulet)
HPRegen  0.25/turn              m - +5 ring of protection
MPRegen  0.15/turn              d - +3 ring of protection

@: corroded, very quick
A: large, hooves 3, clarity, deformed body, deterioration 1, speed 2, tough skin
3
a: Depart the Abyss, Bend Space, Banish, Corrupt, Enter the Abyss, Renounce
Religion


You were on level 11 of the Dungeon.
You worshipped Lugonu.
Lugonu was extremely pleased with you.
You were not hungry.

You visited 1 branch of the dungeon, and saw 11 of its levels.
You visited the Abyss 1 time.

You collected 610 gold pieces.
You spent 450 gold pieces at shops.

Inventory:

Hand Weapons
 a - a +7 hand axe (weapon)
Missiles
 j - 29 tomahawks (quivered)
Armour
 e - a +0 cloak (worn)
 i - a +1 buckler (worn)
 l - a +1 chain mail of poison resistance (worn)
 x - a +1 pair of gloves of archery (worn)
 z - a +0 helmet of see invisible
 C - a +2 hat of see invisible (worn)
Jewellery
 d - a +3 ring of protection (right hand)
 m - a +5 ring of protection (left hand)
 p - an uncursed ring of resist corrosion
Wands
 h - a wand of iceblast (7)
 o - a wand of disintegration (18)
 v - a wand of digging (18)
 F - a wand of random effects (21)
Scrolls
 b - 2 scrolls of identify
 f - 2 scrolls of remove curse
 k - 5 scrolls of amnesia
 y - 3 scrolls of teleportation
Potions
 g - 5 potions of curing
 n - a potion of might
 r - 2 potions of haste
 s - 2 potions of resistance
 t - 3 potions of brilliance
 u - a potion of magic
 w - 2 potions of agility
Books
 A - a book of Changes

   Spells                             Type                      Level
   a - Beastly Appendage              Transmutation                1
   b - Sticks to Snakes               Transmutation                2
   c - Spider Form                    Transmutation/Poison         3
   d - Ice Form                       Ice/Transmutation            4
   e - Blade Hands                    Transmutation                5
 B - a book of Fire

   Spells                             Type                      Level
   a - Ignite Poison                  Fire/Transmutation/Poison    3
   b - Fireball                       Conjuration/Fire             5
   c - Bolt of Fire                   Conjuration/Fire             6
   d - Ring of Flames                 Charms/Fire                  7
   e - Ignition                       Fire                         8
 D - a book of Air

   Spells                             Type                      Level
   a - Shock                          Conjuration/Air              1
   b - Swiftness                      Charms/Air                   2
   c - Static Discharge               Conjuration/Air              3
   d - Airstrike                      Air                          4
   e - Lightning Bolt                 Conjuration/Air              5
Comestibles
 c - 15 rations


   Skills:
 + Level 6.8 Fighting
 + Level 10.1 Axes
 * Level 8.5 Armour
 + Level 3.3 Dodging
 + Level 2.6 Shields
 * Level 9.1 Invocations


You had 10 spell levels left.
You didn't know any spells.

Dungeon Overview and Level Annotations

Branches:
Dungeon (11/15)            Temple (0/1) D:4            Lair (0/6) D:11
    Orc (0/2) D:9

Altars:
Ashenzari
Dithmenos
Elyvilon
Hepliaklqana
Makhleb
Nemelex Xobeh
Okawaru
Sif Muna
Vehumet
Xom
Yredelemnul
Zin
Lugonu

Shops:
D:6 [   D:10 (


Innate Abilities, Weirdness & Mutations

You have hooves in place of feet.
Armour fits poorly on your strangely shaped body.
You cover ground very quickly.
You have extremely tough skin. (AC +3)
You possess an exceptional clarity of mind.
Your body sometimes deteriorates upon taking damage.


Message History

You block the red ugly thing's attack.
You see here 20 stones.
A brown ugly thing comes into view.
The brown ugly thing gurgles horribly!
The brown ugly thing punches you.
* * * LOW HITPOINT WARNING * * *
The acid corrodes you!
You are splashed with acid!
The acid burns!
* * * LOW HITPOINT WARNING * * *
There is a transporter here.
You feel much better. The red ugly thing headbutts you.
* * * LOW HITPOINT WARNING * * *
You are engulfed in flames!
* * * LOW HITPOINT WARNING * * *
Your body deteriorates!
You feel dopey.
The brown ugly thing punches you but does no damage.
You enter the transporter and appear at another place.
The red ugly thing headbutts you.
* * * LOW HITPOINT WARNING * * *
You are engulfed in flames!
You die...

.........#####...$.#####......#..
...........# #.)_(.# #........'..
#........### #.).).# ###......#..
#.......## #.......# ##.....###
#.......# #...###...# #........
#.......# #..#####..# #........
#####...# ..## ### ##.. #....###+
....'...###. #.# .###....#...
..####..### ##@## ###....#...
....##...######.uu######.....#...
.....#.......................#)..
..........########...........#.>.
..........#......#...........#'#+
..........#......#...............
.PP..#....#......#.....#######...
....##....##....##.....#.....#...
..####.....#....#......+.....#...


You could see 2 ugly things.

Vanquished Creatures
  Gastronok (D:8)
  Erica (D:8)
  2 unseen horrors (D:10)
  The ghost of Niraks the Basher, a novice DsBe of Trog (D:8)
  4 ugly things (D:11)
  A troll (D:9)
  The ghost of Niraks the Basher, an amateur MiBe of Trog (D:4)
  2 hornets (D:11)
  A hippogriff (D:9)
  2 raiju (D:11)
  A wraith (D:10)
  3 yaks (D:10)
  4 hungry ghosts
  Menkaure (D:7)
  3 wargs (D:11)
  A soldier ant (D:11)
  A water moccasin (D:11)
  An orc warrior (D:8)
  6 sky beasts
  2 ice beasts
  The ghost of plutoniumapex the Skirmisher, an amateur MiFi (D:3)
  A black bear (D:7)
  A necrophage (D:5)
  6 ogres
  2 centaurs
  2 big kobolds
  6 bullfrogs
  A scorpion (D:5)
  12 killer bees
  A howler monkey (D:4)
  4 crimson imps
  A bullfrog zombie (D:5)
  Crazy Yiuf (D:6)
  3 jellies
  A centaur skeleton (D:8)
  A centaur zombie (D:9)
  6 orc priests
  5 hounds
  7 orc wizards
  2 iguanas
  7 worker ants
  A killer bee zombie (D:6)
  A worker ant zombie (D:5)
  A howler monkey zombie (D:5)
  A howler monkey skeleton (D:11)
  9 adders
  6 shadow imps
  An adder zombie (D:6)
  2 adder skeletons
  A dart slug (D:3)
  A worm (D:2)
  4 leopard geckos
  52 orcs
  6 giant cockroaches
  9 goblins
  5 hobgoblins
  4 jackals
  6 quokkas
  2 ball pythons
  A ball python skeleton (D:4)
  4 bats
  6 frilled lizards
  14 kobolds
  A leopard gecko zombie (D:7)
  6 rats
254 creatures vanquished.

Vanquished Creatures (others)
  A two-headed ogre (D:9)
  The ghost of waaargh the Basher, a novice MiHu of Fedhas (D:9)
  An efreet (D:8)
3 creatures vanquished.

Grand Total: 257 creatures vanquished

Notes
Turn   | Place    | Note
-------+----------+-------------------------------------------
     0 | Abyss:1  | Gargoyl the Centaur Abyssal Knight began the quest for the Orb.
     0 | Abyss:1  | Reached XP level 1. HP: 19/19 MP: 2/2
    25 | Abyss:2  | Found a corrupted altar of Lugonu.
    26 | Abyss:2  | Noticed a small abomination
   122 | Abyss:2  | Found a corrupted altar of Lugonu.
   145 | Abyss:2  | Noticed a starcursed mass
   145 | Abyss:2  | Noticed a spatial vortex
   149 | Abyss:2  | Noticed a large abomination
   149 | Abyss:2  | Noticed a spatial vortex
   164 | D:1      | Escaped the Abyss
   422 | D:1      | Reached * piety under Lugonu
   491 | D:1      | Reached XP level 2. HP: 23/26 MP: 3/3
   934 | D:2      | Reached skill level 2 in Axes
  1160 | D:2      | Reached XP level 3. HP: 23/31 MP: 4/4
  1604 | D:2      | Found a shimmering altar of Xom.
  1721 | D:2      | Reached XP level 4. HP: 33/38 MP: 5/5
  1728 | D:2      | Found a burning altar of Makhleb.
  2253 | D:2      | Reached ** piety under Lugonu
  2312 | D:3      | Reached skill level 1 in Dodging
  2434 | D:3      | Found a shadowy altar of Dithmenos.
  2498 | D:3      | Noticed plutoniumapex's ghost (amateur MiFi)
  2920 | D:3      | Reached XP level 5. HP: 45/45 MP: 7/7
  3110 | D:3      | Found a glowing silver altar of Zin.
  3269 | D:3      | Killed plutoniumapex's ghost
  3269 | D:3      | Reached skill level 3 in Axes
  3727 | D:4      | Reached XP level 6. HP: 44/51 MP: 8/8
  3949 | D:4      | Reached *** piety under Lugonu
  4149 | D:4      | Noticed Niraks's ghost (amateur MiBe)
  4189 | D:4      | Killed Niraks's ghost
  4189 | D:4      | Reached skill level 4 in Axes
  4189 | D:4      | Reached XP level 7. HP: 40/58 MP: 9/9
  4223 | D:4      | Found a basalt altar of Yredelemnul.
  4366 | D:4      | Found a staircase to the Ecumenical Temple.
  4594 | D:5      | Entered Level 5 of the Dungeon
  5094 | D:5      | Reached skill level 5 in Invocations
  5094 | D:5      | Reached XP level 8. HP: 44/66 MP: 11/11
  5385 | D:5      | Reached skill level 5 in Axes
  5586 | D:5      | You fall through a shaft for 2 floors!
  5687 | D:7      | Found a shattered altar of Ashenzari.
  5709 | D:7      | Found a deep blue altar of Sif Muna.
  5895 | D:6      | Reached skill level 1 in Shields
  6330 | D:6      | Found an iron altar of Okawaru.
  6373 | D:6      | Reached skill level 5 in Armour
  6614 | D:6      | Got a steaming scale mail
  6639 | D:6      | Identified the +0 scale mail "Koukast" {Int+2} (You found it on level 6 of the Dungeon)
  6660 | D:6      | Gained mutation: You are dopey. (Int -2) [potion of mutation]
  6660 | D:6      | Gained mutation: You passively map a small area around you. [potion of mutation]
  6661 | D:6      | Lost mutation: You are dopey. (Int -2) [potion of mutation]
  6661 | D:6      | Lost mutation: You passively map a small area around you. [potion of mutation]
  6661 | D:6      | Gained mutation: You are frail. (-10% HP) [potion of mutation]
  6661 | D:6      | Gained mutation: Your body sometimes deteriorates upon taking damage. [potion of mutation]
  6661 | D:6      | Lost mutation: You are frail. (-10% HP) [potion of mutation]
  6661 | D:6      | Gained mutation: You possess an exceptional clarity of mind. [potion of mutation]
  6715 | D:6      | Reached **** piety under Lugonu
  6726 | D:6      | Reached skill level 6 in Axes
  6764 | D:6      | Found Vialem's Armour Shoppe.
  6769 | D:6      | Bought a +1 chain mail of poison resistance for 189 gold pieces
  6795 | D:6      | Found a radiant altar of Vehumet.
  7061 | D:6      | Found a runed door.
  7067 | D:6      | Noticed Crazy Yiuf
  7078 | D:6      | Killed Crazy Yiuf
  7078 | D:6      | Reached XP level 9. HP: 49/72 MP: 13/13
  7288 | D:7      | Got a polished spear
  7289 | D:7      | Identified the +10 spear of Painful Death {pierce, rN+ Int+4 Dex-4} (You found it on level 7 of the Dungeon)
  7622 | D:7      | Noticed Menkaure
  7627 | D:7      | Killed Menkaure
  7849 | D:8      | Found a white marble altar of Elyvilon.
  7940 | D:8      | Reached skill level 5 in Fighting
  8123 | D:8      | Noticed an efreet
  8130 | D:8      | Banished an efreet
  8390 | D:8      | Found a sparkling altar of Nemelex Xobeh.
  8411 | D:8      | Reached skill level 7 in Axes
  8742 | D:8      | Noticed Gastronok
  8761 | D:8      | Noticed Niraks's ghost (novice DsBe)
  8932 | D:8      | Killed Niraks's ghost
  9259 | D:8      | Killed Gastronok
  9259 | D:8      | Reached skill level 8 in Axes
  9259 | D:8      | Reached XP level 10. HP: 27/83 MP: 15/15
  9691 | D:8      | Noticed Erica
  9711 | D:8      | Killed Erica
 10295 | D:9      | Found a staircase to the Orcish Mines.
 10337 | D:9      | Noticed a two-headed ogre
 10361 | D:9      | Banished a two-headed ogre
 10686 | D:9      | Noticed waaargh's ghost (novice MiHu)
 10699 | D:9      | Banished waaargh's ghost
 10811 | D:9      | Found a hazy altar of Hepliaklqana.
 10823 | D:9      | Reached XP level 11. HP: 63/89 MP: 14/17
 11189 | D:9      | Reached skill level 9 in Axes
 11363 | D:10     | Entered Level 10 of the Dungeon
 11363 | D:10     | Noticed an unseen horror
 11404 | D:10     | Killed an unseen horror
 11887 | D:10     | Noticed an unseen horror
 11913 | D:10     | Killed an unseen horror
 11972 | D:10     | Reached ***** piety under Lugonu
 12099 | D:10     | Found Kiumpec's Antique Weapon Shop.
 12104 | D:10     | Bought an ancient morningstar for 261 gold pieces
 12104 | D:10     | Identified the cursed +1 morningstar "Loof" {freeze, rC- Str+2 SInv} (You bought it in a shop on level 10 of the Dungeon)
 12514 | D:11     | Found a staircase to the Lair.
 13207 | D:11     | Noticed a white ugly thing
 13226 | D:11     | Killed a white ugly thing
 13435 | D:11     | Found a transporter.
 13436 | D:11     | Noticed a red ugly thing
 13461 | D:11     | Killed a red ugly thing
 13806 | D:11     | Found a corrupted altar of Lugonu.
 13848 | D:11     | Noticed a cyan ugly thing
 13848 | D:11     | Noticed a cyan ugly thing
 13866 | D:11     | Killed a cyan ugly thing
 13866 | D:11     | Reached skill level 10 in Axes
 13872 | D:11     | Killed a white ugly thing
 13925 | D:11     | Found a transporter.
 13925 | D:11     | Noticed a red ugly thing
 13925 | D:11     | Noticed a cyan ugly thing
 13941 | D:11     | Noticed a brown ugly thing
 13943 | D:11     | HP: 4/91 [red ugly thing (6)]
 13943 | D:11     | Mangled by a red ugly thing

Skill      XL: |  1  2  3  4  5  6  7  8  9 10 11 |
---------------+----------------------------------+-----
Axes           | 2 3 4 6 8 10 | 10.1
Armour         | 2 3 4 5 7 8 |  8.5
Dodging        | 1 2 3 |  3.3
Invocations    | 3 5 7 8 9 |  9.1
Fighting       | 4 5 6 |  6.8
Shields        | 1 2 |  2.6

Action                   |  1- 3 |  4- 6 |  7- 9 | 10-12 || total
-------------------------+-------+-------+-------+-------++-------
Melee: Hand axe          |   109 |   182 |   386 |   448 ||  1125
       Kick              |    11 |    28 |    82 |   104 ||   225
Throw: Tomahawk          |       |       |       |     2 ||     2
Invok: Depart the Abyss  |     1 |       |       |       ||     1
       Banish            |       |       |     1 |     5 ||     6
  Use: Scroll            |     7 |     2 |    14 |     6 ||    29
       Potion            |     1 |     4 |     4 |     5 ||    14
  Eat: Ration            |     1 |       |    10 |     2 ||    13
       Chunk             |       |     5 |     4 |    10 ||    19
Armor: Scale mail        |    71 |   121 |   111 |       ||   303
       Skin              |       |    11 |       |       ||    11
       Chain mail        |       |       |    86 |   353 ||   439
Dodge: Dodged            |    32 |    71 |    75 |   121 ||   299
Block: Buckler           |     7 |    24 |    46 |    97 ||   174
